 Dungeon Crawl Stone Soup version 0.29.0-4-gdea44cf6ec (webtiles) character file.

Game seed: 10494409621146758577

20399 qw the Cleaver (level 12, -12/77 HPs)
             Began as a Gargoyle Berserker on Sept 4, 2022.
             Was a Priest of Trog.
             Mangled by Rupert
             ... wielding a +1 great sword of draining
              (29 damage)
             ... on level 4 of the Lair of Beasts.
             The game lasted 00:05:37 (16344 turns).

qw the Cleaver (Gargoyle Berserker)                Turns: 16344, Time: 00:05:38

Health: -12/77     AC: 30    Str: 30    XL:     12   Next: 79%
Magic:  12/12      EV: 12    Int: 14    God:    Trog [***...]
Gold:   859        SH: 10    Dex:  9    Spells: 11/11 levels left

rFire   . . .      SeeInvis .   l - +1 war axe (vamp)
rCold   + . .      Faith    .   n - +0 buckler
rNeg    + . .      Spirit   .   h - +3 plate armour
rPois   inf        Reflect  +   d - +2 helmet
rElec   +          Harm     .   (no cloak)
rCorr   .          Rampage  .   j - +0 pair of gloves
Will    ++...                   (no boots)
Stlth   ..........              m - amulet "Jokad" {Reflect +Inv rC+ Int+4 SH+5}
HPRegen 1.22/turn               c - +4 ring of evasion
MPRegen 0.13/turn               e - +6 ring of strength

@: strong-willed (expiring), on berserk cooldown, regenerating (expiring),
slowed, very slow
A: sickness immunity, AC +8, negative energy resistance 1, electricity
resistance, torment resistance 1, petrification resistance
a: Renounce Religion, Evoke Invisibility, Berserk, Trog's Hand


You were on level 4 of the Lair of Beasts.
You worshipped Trog.
Trog was most pleased with you.
You visited 2 branches of the dungeon, and saw 13 of its levels.

You collected 859 gold pieces.


Innate Abilities, Weirdness & Mutations

You are immune to sickness and miasma.
Your stone body is resilient. (AC +8)
You are immune to poison.
You resist negative energy. (rN+)
You are resistant to electric shocks. (rElec)
You are resistant to unholy torment.
You are immune to petrification.


   Skills:
 - Level 10.1 Fighting
 - Level 14.0 Axes
 - Level 5.0 Throwing
 - Level 9.0 Armour
 - Level 2.7 Dodging
 + Level 6.4 Shields


You had 11 spell levels left.
You didn't know any spells.
Your spell library was empty.

Inventory:

Hand Weapons
 k - a +1 morningstar of protection
 l - a +1 vampiric war axe (weapon)
Missiles
 i - 2 silver javelins (quivered)
Armour
 d - a +2 helmet (worn)
 h - a +3 plate armour (worn)
 j - a +0 pair of gloves (worn)
 n - a +0 buckler (worn)
Jewellery
 c - a +4 ring of evasion (left hand)
 e - a +6 ring of strength (right hand)
 m - the amulet "Jokad" (around neck) {Reflect +Inv rC+ Int+4 SH+5}
   (You found it on level 1 of the Lair of Beasts)

   [amulet of reflection]

   It reflects blocked missile attacks.
   Int:       It affects your intelligence (+4).
   rC:        It protects you from cold.
   +Inv:      It lets you turn invisible.
   SH:        It affects your SH (+5).
Scrolls
 a - a scroll of identify
Potions
 b - 2 potions of mutation
 f - 6 potions of curing
 g - a potion of magic {unknown}

Dungeon Overview and Level Annotations

Branches:
Dungeon (9/15)             Temple (0/1) D:6            Lair (4/5) D:8
 Shoals (0/4) Lair:3       Spider (0/4) Lair:3
  Slime: Lair:4-5       Orc: D:9-12

Altars:
Nemelex Xobeh
Okawaru
Qazlal
Ru
The Shining One

Annotations:
D:6 3 runed translucent doors, qw's ghost, novice MiBe
D:7 3 runed translucent doors, qw's ghost, novice MiBe
Lair:4 Rupert


Message History

You slice Rupert!!
You feel better.
Rupert is almost dead.
You barely miss the death yak.
A komodo dragon comes into view.
You slash Rupert!
Rupert is almost dead.
You slash the death yak!
The sentinel's mark upon you fades away.
Rupert hits you with a +1 great sword of draining!
You barely miss Rupert.
Rupert is almost dead.
You hit the death yak but do no damage.
You are no longer berserk.
You are exhausted.
You feel yourself slow down.
Rupert hits you with a +1 great sword of draining!
You hit Rupert.
You feel better.
Rupert is almost dead.
You slash the death yak!
You feel the effects of Trog's Hand fading.
Rupert hits you with a +1 great sword of draining!
The death yak gores you! You block Rupert's attack.
A yak comes into view.
The death yak closely misses you.
You hit Rupert but do no damage.
Rupert is almost dead.
You barely miss the death yak. You slash the komodo dragon!
You feel better.
You barely miss the death yak. Rupert barely misses you.
The komodo dragon hisses menacingly.
You block the komodo dragon's attack. You block the death yak's attack.
The death yak gores you but does no damage.
Rupert hits you with a +1 great sword of draining!!
The komodo dragon bites you!
You slash Rupert!
You feel better.
Rupert is almost dead.
You hit the death yak but do no damage. x2
You hit the komodo dragon but do no damage.
Rupert hits you with a +1 great sword of draining!!
You die...

....#..#..##.......#
......(...).......#
...#.............##
......YY.........#
..####Y#.........#
##Y###.....#.#
#YYY##....####
##Y##...?..#
#@Y........
#@l#.......
#Y...........
...............
.##..#...P.....
####........#
##...##.## #..#. .#
....#. #


You could see Rupert (berserk), 6 death yaks, a komodo dragon and 3 yaks.

Vanquished Creatures
  Urug (Lair:2)
  2 oklob plants (Lair:2)
  A manticore (Lair:2)
  4 black mambas
  2 rime drakes (Lair:2)
  6 cane toads
  6 komodo dragons
  A troll (D:7)
  A queen bee (Lair:2)
  A hornet (D:8)
  A polar bear (Lair:4)
  Grinder (D:6)
  5 blink frogs (Lair:2)
  22 yaks
  5 wyverns
  4 basilisks
  3 steam dragons
  13 water moccasins
  2 sky beasts (D:7)
  An orc warrior (D:7)
  4 black bears
  5 wolves
  An ogre (D:5)
  A centaur (D:9)
  Blork the orc (D:5)
  A kobold brigand (D:8)
  5 scorpions
  10 bullfrogs
  3 necrophages (D:6)
  A wight (D:7)
  33 killer bees
  3 howler monkeys
  4 electric eels (Lair:3)
  5 lava snakes (Lair:3)
  2 hounds
  4 orc priests
  2 iguanas
  Ijyb (D:3)
  Natasha (thrice) (D:2)
  10 orc wizards
  6 hell rats (Lair:2)
  A polar bear simulacrum (Lair:1)
  Robin (D:3)
  15 gnolls
  6 adders
  A river rat (Lair:2)
  2 white imps
  3 ufetubi
  3 worms
  2 dart slugs
  20 orcs
  8 endoplasms
  3 giant cockroaches
  13 hobgoblins
  4 jackals (D:2)
  4 quokkas
  6 ball pythons
  7 bats
  2 frilled lizards
  12 goblins
  11 kobolds
311 creatures vanquished.

Vanquished Creatures (others)
  An electric eel (Lair:3)
  A lava snake (Lair:3)
  11 fungi
  18 plants
31 creatures vanquished.

Grand Total: 342 creatures vanquished

Notes
Turn   | Place    | Note
-------+----------+-------------------------------------------
     0 | D:1      | qw the Gargoyle Berserker began the quest for the Orb.
     0 | D:1      | Reached XP level 1. HP: 14/14 MP: 1/1
     0 | D:1      | 0 ||| qw: Version: 0.1-a-103-gd6f5d3a
     0 | D:1      | 0 ||| qw: Game counter: 5621
     0 | D:1      | 0 ||| qw: Always use a shield: true
     0 | D:1      | 0 ||| qw: Do Orc after D:15 true
     0 | D:1      | 0 ||| qw: Do second Lair branch before Depths: true
     0 | D:1      | 0 ||| qw: Lair rune preference: random
     0 | D:1      | 0 ||| qw: Plans: Normal
     0 | D:1      | 0 ||| PLANNING D:1-11
   291 | D:1      | Reached skill level 3 in Axes
   510 | D:1      | Reached XP level 2. HP: 19/19 MP: 2/2
  1301 | D:1      | 1301 ||| READING 2 scrolls labelled CEUBAHOU UXEHA.
  1302 | D:1      | 1302 ||| READING 3 scrolls labelled QYAFA PUDURCH.
  1303 | D:1      | 1303 ||| DRINKING 2 puce potions.
  1331 | D:1      | 1331 ||| DROPPING 2 scrolls of vulnerability.
  1332 | D:1      | 1332 ||| DROPPING potion of lignification.
  1378 | D:2      | 1378 ||| STAIRDANCE
  1472 | D:2      | 1472 ||| STAIRDANCE
  1507 | D:2      | 1507 ||| INVOKING Berserk.
  1510 | D:2      | Reached XP level 3. HP: 23/23 MP: 3/3
  1622 | D:2      | Noticed Natasha
  1624 | D:2      | 1624 ||| INVOKING Berserk.
  1627 | D:2      | Killed Natasha
  1628 | D:2      | Reached skill level 4 in Axes
  1639 | D:2      | 1639 ||| Stepping ~*~*~tactically~*~*~ (stealth).
  1639 | D:2      | Found a faded altar of an unknown god.
  1745 | D:2      | 1745 ||| Stepping ~*~*~tactically~*~*~ (stealth).
  1799 | D:2      | Reached XP level 4. HP: 28/28 MP: 4/4
  1999 | D:2      | 1999 ||| Stepping ~*~*~tactically~*~*~ (stealth).
  2109 | D:2      | 2109 ||| Stepping ~*~*~tactically~*~*~ (hiding).
  2121 | D:2      | 2121 ||| Stepping ~*~*~tactically~*~*~ (stealth).
  2122 | D:2      | 2122 ||| Stepping ~*~*~tactically~*~*~ (stealth).
  2123 | D:2      | 2123 ||| Stepping ~*~*~tactically~*~*~ (hiding).
  2128 | D:2      | 2128 ||| Stepping ~*~*~tactically~*~*~ (stealth).
  2129 | D:2      | 2129 ||| Stepping ~*~*~tactically~*~*~ (hiding).
  2130 | D:2      | 2130 ||| Stepping ~*~*~tactically~*~*~ (stealth).
  2131 | D:2      | 2131 ||| Stepping ~*~*~tactically~*~*~ (hiding).
  2132 | D:2      | 2132 ||| Stepping ~*~*~tactically~*~*~ (stealth).
  2133 | D:2      | 2133 ||| Stepping ~*~*~tactically~*~*~ (stealth).
  2134 | D:2      | 2134 ||| INVOKING Berserk.
  2149 | D:2      | HP: 6/28 [gnoll/+0 whip (5)]
  2152 | D:2      | HP: 2/28 [gnoll/+0 whip (5)]
  2155 | D:2      | Reached skill level 5 in Axes
  2155 | D:2      | Reached XP level 5. HP: 2/32 MP: 5/5
  2582 | D:2      | Noticed Natasha
  2585 | D:2      | 2585 ||| INVOKING Berserk.
  2586 | D:2      | 2586 ||| INVOKING Berserk.
  2589 | D:2      | Killed Natasha
  2773 | D:2      | 2773 ||| Stepping ~*~*~tactically~*~*~ (stealth).
  2970 | D:2      | 2970 ||| Stepping ~*~*~tactically~*~*~ (stealth).
  2971 | D:2      | 2971 ||| INVOKING Berserk.
  3104 | D:2      | 3104 ||| DROPPING +0 whip.
  3130 | D:2      | 3130 ||| INVOKING Berserk.
  3401 | D:2      | Noticed Natasha
  3402 | D:2      | 3402 ||| Stepping ~*~*~tactically~*~*~ (stealth).
  3405 | D:2      | 3405 ||| READING scroll labelled COEPLOXTEMMY.
  3406 | D:2      | 3406 ||| READING scroll labelled MAIMA PEYSIPP.
  3409 | D:2      | 3409 ||| INVOKING Berserk.
  3413 | D:2      | Killed Natasha
  3482 | D:2      | 3482 ||| READING scroll labelled TECVOLAAMMA.
  3483 | D:2      | 3483 ||| READING scroll labelled QOGUKH NEYG.
  3487 | D:2      | 3487 ||| DRINKING 2 emerald potions.
  3488 | D:2      | 3488 ||| READING 3 scrolls of identify.
  3488 | D:2      | 3488 ||| IDENTIFYING green potion
  3489 | D:2      | 3489 ||| DROPPING potion of brilliance.
  3674 | D:3      | Found a sparkling altar of Nemelex Xobeh.
  3702 | D:3      | Noticed Robin
  3708 | D:3      | Reached XP level 6. HP: 34/38 MP: 6/6
  3708 | D:3      | 3708 ||| INVOKING Berserk.
  3714 | D:3      | Killed Robin
  3885 | D:3      | 3885 ||| Stepping ~*~*~tactically~*~*~ (stealth).
  3894 | D:3      | Noticed Ijyb
  3898 | D:3      | 3898 ||| INVOKING Berserk.
  3902 | D:3      | Killed Ijyb
  3905 | D:3      | Reached skill level 6 in Axes
  3913 | D:3      | Reached ** piety under Trog
  4039 | D:3      | 4039 ||| Stepping ~*~*~tactically~*~*~ (stealth).
  4041 | D:3      | 4041 ||| Stepping ~*~*~tactically~*~*~ (stealth).
  4042 | D:3      | 4042 ||| Stepping ~*~*~tactically~*~*~ (stealth).
  4191 | D:3      | Found a stormy altar of Qazlal.
  4294 | D:3      | Found an iron altar of Okawaru.
  4417 | D:3      | 4417 ||| UPGRADING to +1 helmet.
  4422 | D:3      | 4422 ||| UPGRADING to +0 scale mail.
  4432 | D:3      | 4432 ||| DROPPING +0 animal skin.
  4433 | D:3      | 4433 ||| READING scroll labelled MONWUJYNON.
  4434 | D:3      | 4434 ||| READING scroll labelled QOSETE TUNG.
  4435 | D:3      | 4435 ||| READING scroll labelled SOTTOA FEELABET.
  4436 | D:3      | 4436 ||| READING 5 scrolls of identify.
  4436 | D:3      | 4436 ||| IDENTIFYING fuming amethyst potion
  4437 | D:3      | 4437 ||| DROPPING potion of berserk rage.
  4441 | D:4      | 4441 ||| PLANNING OSSUARY
  4529 | D:4      | 4529 ||| Stepping ~*~*~tactically~*~*~ (hiding).
  4538 | D:4      | 4538 ||| INVOKING Berserk.
  4686 | D:4      | 4686 ||| SWAPPING to +0 war axe.
  4717 | D:4      | 4717 ||| DROPPING +0 hand axe.
  4860 | D:4      | 4860 ||| READING scroll of enchant armour.
  4860 | D:4      | 4860 ||| ENCHANTING +1 helmet.
  4892 | D:4      | 4892 ||| Stepping ~*~*~tactically~*~*~ (stealth).
  4893 | D:4      | 4893 ||| Stepping ~*~*~tactically~*~*~ (stealth).
  4896 | D:4      | 4896 ||| Stepping ~*~*~tactically~*~*~ (stealth).
  4898 | D:4      | 4898 ||| Stepping ~*~*~tactically~*~*~ (stealth).
  4925 | D:4      | Reached XP level 7. HP: 29/43 MP: 7/7
  5035 | D:4      | 5035 ||| DROPPING +0 flail.
  5063 | D:4      | 5063 ||| RIP OSSUARY
  5075 | D:4      | 5075 ||| PLANNING D:1-11
  5091 | D:4      | 5091 ||| FLEEEEING.
  5092 | D:4      | 5092 ||| FLEEEEING.
  5093 | D:4      | 5093 ||| FLEEEEING.
  5094 | D:4      | 5094 ||| FLEEEEING.
  5095 | D:4      | 5095 ||| FLEEEEING.
  5097 | D:4      | 5097 ||| FLEEEEING.
  5098 | D:4      | 5098 ||| FLEEEEING.
  5101 | D:4      | 5101 ||| FLEEEEING.
  5102 | D:4      | 5102 ||| FLEEEEING.
  5103 | D:4      | 5103 ||| FLEEEEING.
  5104 | D:4      | 5104 ||| FLEEEEING.
  5105 | D:4      | 5105 ||| FLEEEEING.
  5106 | D:4      | 5106 ||| FLEEEEING.
  5107 | D:4      | 5107 ||| FLEEEEING.
  5108 | D:4      | 5108 ||| FLEEEEING.
  5113 | D:4      | 5113 ||| Stepping ~*~*~tactically~*~*~ (hiding).
  5114 | D:4      | 5114 ||| Stepping ~*~*~tactically~*~*~ (hiding).
  5120 | D:4      | Reached skill level 7 in Axes
  5301 | D:4      | 5301 ||| Stepping ~*~*~tactically~*~*~ (stealth).
  6043 | D:4      | 6043 ||| UPGRADING to +0 plate armour.
  6053 | D:4      | 6053 ||| DROPPING +0 scale mail.
  6054 | D:4      | 6054 ||| READING 3 scrolls of enchant armour.
  6054 | D:4      | 6054 ||| ENCHANTING +0 plate armour.
  6055 | D:4      | 6055 ||| READING 2 scrolls of enchant armour.
  6055 | D:4      | 6055 ||| ENCHANTING +1 plate armour.
  6056 | D:4      | 6056 ||| READING scroll of enchant armour.
  6056 | D:4      | 6056 ||| ENCHANTING +2 plate armour.
  6057 | D:4      | 6057 ||| UPGRADING to +4 ring of evasion.
  6058 | D:4      | 6058 ||| READING 2 scrolls labelled QIUCEBLIPRAM.
  6059 | D:4      | 6059 ||| READING scroll of brand weapon.
  6059 | D:4      | 6059 ||| BRANDING +0 war axe of freezing.
  6060 | D:4      | 6060 ||| READING scroll labelled CYEDYNG RIXYC XYU.
  6061 | D:4      | 6061 ||| READING scroll labelled PYIJIANIQU.
  6110 | D:5      | Entered Level 5 of the Dungeon
  6124 | D:5      | 6124 ||| READING scroll of enchant weapon.
  6124 | D:5      | 6124 ||| ENCHANTING +0 vampiric war axe.
  6191 | D:5      | 6191 ||| INVOKING Berserk.
  6196 | D:5      | Reached skill level 3 in Armour
  6347 | D:5      | 6347 ||| Stepping ~*~*~tactically~*~*~ (hiding).
  6521 | D:5      | Noticed Blork the orc
  6522 | D:5      | 6522 ||| Stepping ~*~*~tactically~*~*~ (hiding).
  6523 | D:5      | 6523 ||| Stepping ~*~*~tactically~*~*~ (hiding).
  6528 | D:5      | 6528 ||| INVOKING Berserk.
  6531 | D:5      | Killed Blork the orc
  6577 | D:5      | Reached XP level 8. HP: 50/50 MP: 8/8
  6759 | D:5      | 6759 ||| INVOKING Berserk.
  7007 | D:5      | 7007 ||| INVOKING Berserk.
  7207 | D:5      | 7207 ||| READING scroll labelled MOSYOJ TAKHOAG.
  7208 | D:5      | 7208 ||| READING 5 scrolls of identify.
  7208 | D:5      | 7208 ||| IDENTIFYING fuming blue potion
  7209 | D:5      | 7209 ||| READING 4 scrolls of identify.
  7209 | D:5      | 7209 ||| IDENTIFYING blue potion
  7210 | D:5      | 7210 ||| READING 3 scrolls of identify.
  7210 | D:5      | 7210 ||| IDENTIFYING black potion
  7211 | D:5      | 7211 ||| DROPPING potion of attraction.
  7212 | D:5      | 7212 ||| DROPPING potion of flight.
  7213 | D:5      | 7213 ||| DROPPING potion of degeneration.
  7267 | D:6      | Found a staircase to the Ecumenical Temple.
  7297 | D:6      | Reached skill level 8 in Axes
  7337 | D:6      | 7337 ||| Stepping ~*~*~tactically~*~*~ (stealth).
  7350 | D:6      | Reached skill level 6 in Fighting
  7455 | D:6      | Noticed Grinder
  7456 | D:6      | 7456 ||| INVOKING Trog's Hand.
  7457 | D:6      | 7457 ||| INVOKING Berserk.
  7473 | D:6      | Killed Grinder
  7488 | D:6      | 7488 ||| FLEEEEING.
  7489 | D:6      | 7489 ||| FLEEEEING.
  7490 | D:6      | 7490 ||| FLEEEEING.
  7491 | D:6      | 7491 ||| FLEEEEING.
  7494 | D:6      | 7494 ||| FLEEEEING.
  7495 | D:6      | 7495 ||| FLEEEEING.
  7496 | D:6      | 7496 ||| FLEEEEING.
  7497 | D:6      | 7497 ||| STAIRDANCE
  7599 | D:5      | 7599 ||| READING 3 scrolls of identify.
  7599 | D:5      | 7599 ||| IDENTIFYING cyan potion
  7634 | D:6      | Found a glowing golden altar of the Shining One.
  7671 | D:6      | 7671 ||| Stepping ~*~*~tactically~*~*~ (stealth).
  7678 | D:6      | 7678 ||| INVOKING Berserk.
  7805 | D:6      | 7805 ||| INVOKING Berserk.
  7809 | D:6      | Reached XP level 9. HP: 55/55 MP: 9/9
  8053 | D:6      | Found a runed translucent gate.
  8054 | D:6      | Found a runed translucent gate.
  8060 | D:6      | Noticed qw's ghost (novice MiBe)
  8062 | D:6      | Found a runed translucent gate.
  8250 | D:6      | Reached skill level 9 in Axes
  8361 | D:7      | 8361 ||| STAIRDANCE
  8391 | D:7      | 8391 ||| STAIRDANCE
  8440 | D:7      | 8440 ||| STAIRDANCE
  8524 | D:7      | Found a runed translucent gate.
  8623 | D:7      | 8623 ||| INVOKING Berserk.
  8630 | D:7      | Reached skill level 6 in Armour
  8798 | D:7      | 8798 ||| Stepping ~*~*~tactically~*~*~ (stealth).
  8813 | D:7      | 8813 ||| Stepping ~*~*~tactically~*~*~ (stealth).
  8815 | D:7      | 8815 ||| Stepping ~*~*~tactically~*~*~ (stealth).
  8921 | D:7      | Reached *** piety under Trog
  8921 | D:7      | Noticed a troll
  8923 | D:7      | 8923 ||| INVOKING Berserk.
  8931 | D:7      | Killed a troll
  8932 | D:7      | Reached skill level 10 in Axes
  9046 | D:7      | Found a sacrificial altar of Ru.
  9141 | D:7      | Found a runed translucent gate.
  9141 | D:7      | Found a runed translucent gate.
  9144 | D:7      | Noticed qw's ghost (novice MiBe)
  9341 | D:8      | 9341 ||| STAIRDANCE
  9447 | D:8      | 9447 ||| STAIRDANCE
  9452 | D:8      | 9452 ||| STAIRDANCE
  9571 | D:8      | Reached XP level 10. HP: 64/64 MP: 10/10
  9698 | D:8      | Found a flagged portal.
  9715 | D:8      | You fall into a shaft and drop 1 floor!
  9862 | D:9      | Reached skill level 11 in Axes
  9862 | D:9      | 9862 ||| Stepping ~*~*~tactically~*~*~ (hiding).
  9955 | D:8      | Found a staircase to the Lair.
  9982 | D:8      | 9982 ||| Stepping ~*~*~tactically~*~*~ (hiding).
  9985 | D:8      | 9985 ||| INVOKING Berserk.
  9999 | D:8      | 9999 ||| Stepping ~*~*~tactically~*~*~ (cloud).
 10088 | D:8      | 10088 ||| Stepping ~*~*~tactically~*~*~ (hiding).
 10093 | D:8      | 10093 ||| INVOKING Berserk.
 10234 | D:8      | 10234 ||| Stepping ~*~*~tactically~*~*~ (stealth).
 10239 | D:8      | 10239 ||| Stepping ~*~*~tactically~*~*~ (stealth).
 10240 | D:8      | 10240 ||| Stepping ~*~*~tactically~*~*~ (stealth).
 10436 | D:8      | Reached skill level 9 in Fighting
 10458 | D:8      | 10458 ||| DRINKING 3 potions of curing.
 10458 | D:8      | 10458 ||| (to cure confusion)
 10660 | D:8      | 10660 ||| PLANNING LAIR
 10660 | D:8      | 10660 ||| UPGRADING to +0 pair of gloves.
 10665 | D:8      | 10665 ||| UPGRADING to +6 ring of strength.
 10666 | D:8      | 10666 ||| READING scroll labelled EROME VOON.
 10694 | Lair:1   | Entered Level 1 of the Lair of Beasts
 10698 | Lair:1   | Noticed a black mamba
 10699 | Lair:1   | 10699 ||| Stepping ~*~*~tactically~*~*~ (stealth).
 10700 | Lair:1   | 10700 ||| Stepping ~*~*~tactically~*~*~ (stealth).
 10703 | Lair:1   | 10703 ||| INVOKING Berserk.
 10708 | Lair:1   | Killed a black mamba
 10815 | Lair:1   | Noticed a cane toad
 10819 | Lair:1   | 10819 ||| INVOKING Berserk.
 10822 | Lair:1   | Killed a cane toad
 11001 | Lair:1   | 11001 ||| INVOKING Berserk.
 11188 | Lair:1   | Found a frozen archway.
 11332 | Lair:1   | Noticed a black mamba
 11333 | Lair:1   | Noticed a cane toad
 11336 | Lair:1   | 11336 ||| INVOKING Berserk.
 11340 | Lair:1   | Killed a black mamba
 11341 | Lair:1   | Reached XP level 11. HP: 71/71 MP: 11/11
 11464 | Lair:1   | Identified the amulet "Jokad" {Reflect +Inv rC+ Int+4 SH+5}
 11473 | Lair:1   | 11473 ||| INVOKING Berserk.
 11482 | Lair:1   | Reached skill level 12 in Axes
 11542 | Lair:1   | 11542 ||| Stepping ~*~*~tactically~*~*~ (stealth).
 11628 | Lair:1   | 11628 ||| INVOKING Berserk.
 11897 | Lair:1   | 11897 ||| INVOKING Berserk.
 12093 | Lair:1   | 12093 ||| UPGRADING to amulet "Jokad" {Reflect +Inv rC+
                  | Int+4 SH+5}.
 12098 | Lair:1   | 12098 ||| READING 2 scrolls of identify.
 12098 | Lair:1   | 12098 ||| IDENTIFYING clear potion
 12099 | Lair:1   | 12099 ||| DROPPING potion of invisibility.
 12116 | Lair:2   | Noticed Urug
 12117 | Lair:2   | 12117 ||| Stepping ~*~*~tactically~*~*~ (hiding).
 12118 | Lair:2   | 12118 ||| INVOKING Berserk.
 12141 | Lair:2   | Killed Urug
 12280 | Lair:2   | Reached skill level 1 in Throwing
 12311 | Lair:2   | 12311 ||| INVOKING Berserk.
 12336 | Lair:2   | Reached skill level 3 in Throwing
 12584 | Lair:2   | 12584 ||| INVOKING Berserk.
 12695 | Lair:2   | 12695 ||| INVOKING Berserk.
 12740 | Lair:2   | 12740 ||| FLEEEEING.
 12741 | Lair:2   | 12741 ||| FLEEEEING.
 12742 | Lair:2   | 12742 ||| FLEEEEING.
 12745 | Lair:2   | 12745 ||| FLEEEEING.
 12746 | Lair:2   | 12746 ||| FLEEEEING.
 12747 | Lair:2   | 12747 ||| INVOKING Berserk.
 12756 | Lair:2   | 12756 ||| STAIRDANCE
 12796 | Lair:1   | 12796 ||| UPGRADING to +0 buckler.
 12821 | Lair:2   | Identified the ring "Gady" {*Corrode MP+9 Str+4 Stlth+}
 12884 | Lair:2   | 12884 ||| INVOKING Berserk.
 12893 | Lair:2   | Reached skill level 1 in Shields
 12898 | Lair:2   | Reached skill level 3 in Shields
 12902 | Lair:2   | Reached **** piety under Trog
 12904 | Lair:2   | Reached XP level 12. HP: 76/77 MP: 12/12
 13218 | Lair:2   | 13218 ||| FLEEEEING.
 13219 | Lair:2   | 13219 ||| FLEEEEING.
 13220 | Lair:2   | 13220 ||| FLEEEEING.
 13313 | Lair:2   | 13313 ||| INVOKING Berserk.
 13326 | Lair:2   | Reached skill level 6 in Shields
 13467 | Lair:2   | 13467 ||| Stepping ~*~*~tactically~*~*~ (stealth).
 13473 | Lair:2   | 13473 ||| INVOKING Berserk.
 13499 | Lair:2   | 13499 ||| FLEEEEING.
 13505 | Lair:2   | Reached skill level 13 in Axes
 13546 | Lair:2   | 13546 ||| INVOKING Berserk.
 13559 | Lair:2   | 13559 ||| READING 4 scrolls of teleportation.
 13563 | Lair:2   | 13563 ||| READING 3 scrolls of teleportation.
 13565 | Lair:2   | 13565 ||| Stepping ~*~*~tactically~*~*~ (stealth).
 13566 | Lair:2   | 13566 ||| READING 2 scrolls of teleportation.
 13585 | Lair:2   | 13585 ||| READING scroll of teleportation.
 13641 | Lair:2   | 13641 ||| Stepping ~*~*~tactically~*~*~ (stealth).
 13653 | Lair:2   | 13653 ||| INVOKING Berserk.
 13874 | Lair:2   | 13874 ||| Stepping ~*~*~tactically~*~*~ (stealth).
 13934 | Lair:2   | Reached skill level 9 in Armour
 14024 | Lair:2   | 14024 ||| Stepping ~*~*~tactically~*~*~ (stealth).
 14028 | Lair:2   | 14028 ||| INVOKING Berserk.
 14186 | Lair:2   | 14186 ||| FLEEEEING.
 14187 | Lair:2   | 14187 ||| FLEEEEING.
 14248 | Lair:2   | 14248 ||| FLEEEEING.
 14290 | Lair:2   | 14290 ||| FLEEEEING.
 14339 | Lair:2   | 14339 ||| INVOKING Berserk.
 14621 | Lair:2   | 14621 ||| DROPPING ring "Gady" {*Corrode MP+9 Str+4
                  | Stlth+}.
 14622 | Lair:2   | 14622 ||| DRINKING 4 glowing white potions.
 14723 | Lair:2   | 14723 ||| DROPPING 3 potions of ambrosia.
 14744 | Lair:3   | Found a staircase to the Shoals.
 14820 | Lair:3   | 14820 ||| FLEEEEING.
 14821 | Lair:3   | 14821 ||| FLEEEEING.
 14822 | Lair:3   | 14822 ||| FLEEEEING.
 14823 | Lair:3   | 14823 ||| FLEEEEING.
 14824 | Lair:3   | 14824 ||| FLEEEEING.
 14825 | Lair:3   | 14825 ||| FLEEEEING.
 15213 | Lair:3   | 15213 ||| INVOKING Berserk.
 15345 | Lair:3   | Found a hole to the Spider Nest.
 15349 | Lair:3   | 15349 ||| DROPPING ring of ice.
 15350 | Lair:3   | 15350 ||| READING scroll of teleportation.
 15351 | Lair:3   | 15351 ||| FLEEEEING.
 15352 | Lair:3   | 15352 ||| FLEEEEING.
 15454 | Lair:3   | 15454 ||| Stepping randomly (stuck).
 15455 | Lair:3   | 15455 ||| Stepping randomly (stuck).
 15456 | Lair:3   | 15456 ||| Stepping randomly (stuck).
 15464 | Lair:3   | 15464 ||| FLEEEEING.
 15465 | Lair:3   | 15465 ||| FLEEEEING.
 15466 | Lair:3   | 15466 ||| FLEEEEING.
 15467 | Lair:3   | 15467 ||| FLEEEEING.
 15682 | Lair:3   | 15682 ||| FLEEEEING.
 15683 | Lair:3   | 15683 ||| FLEEEEING.
 15684 | Lair:3   | 15684 ||| FLEEEEING.
 15687 | Lair:3   | 15687 ||| FLEEEEING.
 15693 | Lair:3   | 15693 ||| STAIRDANCE
 15947 | Lair:3   | 15947 ||| FLEEEEING.
 15953 | Lair:3   | 15953 ||| FLEEEEING.
 15954 | Lair:3   | 15954 ||| FLEEEEING.
 15955 | Lair:3   | 15955 ||| FLEEEEING.
 15956 | Lair:3   | 15956 ||| FLEEEEING.
 15957 | Lair:3   | 15957 ||| FLEEEEING.
 15958 | Lair:3   | 15958 ||| FLEEEEING.
 15967 | Lair:3   | 15967 ||| STAIRDANCE
 16171 | Lair:4   | 16171 ||| Stepping ~*~*~tactically~*~*~ (hiding).
 16299 | Lair:4   | 16299 ||| FLEEEEING.
 16313 | Lair:4   | Noticed a death yak
 16316 | Lair:4   | Noticed Rupert
 16316 | Lair:4   | 16316 ||| INVOKING Trog's Hand.
 16317 | Lair:4   | Noticed a death yak
 16317 | Lair:4   | 16317 ||| INVOKING Berserk.
 16321 | Lair:4   | Noticed a death yak
 16324 | Lair:4   | Noticed a death yak
 16329 | Lair:4   | Noticed a death yak
 16333 | Lair:4   | Reached skill level 14 in Axes
 16338 | Lair:4   | Noticed a death yak
 16343 | Lair:4   | HP: 19/77 [Rupert/+1 great sword of draining (22)]
 16343 | Lair:4   | HP: 5/77 [komodo dragon (14)]
 16344 | Lair:4   | Mangled by Rupert

Levels and vault maps discovered:
D:1:      amcnicky_arrival_flooded_fountain, layout_basic, serial_curves,
          eino_curves_04, eino_curves_02, eino_curves_01, eino_curves_03
D:2:      layout_loops_cross, basic_ecumenical_altar, minmay_statues_item,
          minmay_misc_feat_ornament, minmay_misc_feat_rows, uniq_natasha
D:3:      layout_basic, mainiacjoe_overflow_boulevard,
          mainiacjoe_overflow_swirl, minmay_misc_feat_columns,
          minmay_surrounded, uniq_robin, uniq_ijyb
D:4:      layout_layer_cave, nicolae_ossuary_entry_ruins, eino_tiny_chamber,
          grunt_ministairs_9
D:5:      layout_loops_ring, uniq_blork_the_orc
D:6:      layout_basic, lemuel_coloured_pillars_altar,
          minmay_temple_entry_offerings, gammafunk_ghost_nasty_kobolds,
          grunt_decor_junction, kennysheep_generic_room_4, uniq_grinder
D:7:      layout_basic, nicolae_ru_the_path_less_chosen,
          ebering_ghost_rock_garden, minmay_chambers_of_fives
D:8:      layout_gridville, dpeg_oklobed_lair, enter_bailey_2
D:9:      layout_layer_cave, lemuel_tele_altar, minivault_12
Lair:1:   layout_chaotic_city, portal_ice_cave_entry_ice_simulacra
Lair:2:   regret_index_harrowing_hell_hive, layout_cave_shapes,
          chequers_serial_rivers_micro_d, serial_bayou_pond_a,
          infiniplex_staircase_pool, uniq_urug
Lair:3:   layout_concentric_octagons, shoals_dummy_entry,
          nicolae_spider_entry_orb_guardian, nicolae_lair_liquid_snakes
Lair:4:   layout_gridlike, slime_entry_1, grunt_megastairs_5, uniq_rupert

Skill      XL: |  1  2  3  4  5  6  7  8  9 10 11 12 |
---------------+-------------------------------------+-----
Axes           | 3 4 5 6 7 8 10 11 12 14 | 14.0
Fighting       | 4 5 6 8 9 10 | 10.1
Armour         | 4 5 6 8 9 |  9.0
Dodging        | 2 |  2.7
Throwing       | 4 5 |  5.0
Shields        | 4 6 |  6.4

Action                   |  1- 3 |  4- 6 |  7- 9 | 10-12 || total
-------------------------+-------+-------+-------+-------++-------
Melee: Hand axe          |    65 |   196 |       |       ||   261
       Punch             |     1 |     4 |     2 |     5 ||    12
       War axe           |       |    27 |   273 |   648 ||   948
Throw: Javelin           |       |       |       |    36 ||    36
Invok: Berserk           |     2 |     8 |     9 |    23 ||    42
       Trog's Hand       |       |       |     1 |     1 ||     2
  Use: Scroll            |     2 |    10 |    13 |     7 ||    32
       Potion            |     1 |     1 |       |     2 ||     4
 Stab: Distracted        |     1 |       |       |       ||     1
Armor: Animal skin       |    21 |    63 |       |       ||    84
       Scale mail        |       |    22 |    31 |       ||    53
       Plate armour      |       |       |   139 |   357 ||   496
Dodge: Dodged            |    36 |   133 |   129 |   393 ||   691
Block: Other             |       |       |       |    22 ||    22
       Buckler           |       |       |       |   190 ||   190
       Reflection        |       |       |       |     7 ||     7

Table legend:
 A = Non-vault XP
 B = Vault XP
 C = Vault XP percentage of total XP
 D = Non-vault monster count
 E = Vault monster count
 F = Vault count percentage of total count
                 A         B        C        D         E       F
            +---------+---------+-------+---------+---------+-------
      Total |   18868 |   10274 |  35.3 |     223 |      90 |  28.8
            +---------+---------+-------+---------+---------+-------
        D:1 |      25 |       0 |   0.0 |      14 |       0 |   0.0
        D:2 |     245 |      36 |  12.8 |      33 |       1 |   2.9
        D:3 |      75 |      79 |  51.3 |      14 |      15 |  51.7
        D:4 |     288 |      15 |   5.0 |      32 |       2 |   5.9
        D:5 |     724 |      99 |  12.0 |      15 |       1 |   6.2
        D:6 |     801 |     511 |  38.9 |      15 |       3 |  16.7
        D:7 |    1010 |     636 |  38.6 |      10 |       5 |  33.3
        D:8 |    1165 |       0 |   0.0 |      20 |       0 |   0.0
        D:9 |    1334 |       0 |   0.0 |       7 |       0 |   0.0
     Lair:1 |    4550 |      32 |   0.7 |      19 |       1 |   5.0
     Lair:2 |    6024 |    7524 |  55.5 |      32 |      49 |  60.5
     Lair:3 |    1106 |     463 |  29.5 |       4 |      11 |  73.3
     Lair:4 |    1521 |     879 |  36.6 |       8 |       2 |  20.0
            +---------+---------+-------+---------+---------+-------
